 Dungeon Crawl Stone Soup version 0.21.1-1-g345015f (webtiles) character file.

149 vatarom the Caller (level 5, -2/35 HPs)
             Began as a Barachi Summoner on Apr 20, 2018.
             Slain by an orc
             ... wielding a +0 trident
              (10 damage)
             ... on level 3 of the Dungeon.
             The game lasted 00:07:45 (3756 turns).

vatarom the Caller (Barachi Summoner)               Turns: 3756, Time: 00:07:46

Health: -2/35      AC:  3    Str: 10    XL:     5   Next: 31%
Magic:  10/10      EV: 12    Int: 16    God:
Gold:   71         SH:  0    Dex: 10    Spells: 1/11 levels left

rFire    . . .     SeeInvis +   q - +0 halberd
rCold    + . .     Gourm    .   (shield currently unavailable)
rNeg     . . .     Faith    .   a - +1 robe
rPois    .         Spirit   .   (no helmet)
rElec    .         Reflect  .   (no cloak)
rCorr    .         Harm     .   (no gloves)
MR       .....                  (no boots)
Stlth    ++........             (no amulet)
HPRegen  0.11/turn              (no ring)
MPRegen  0.12/turn              (no ring)

@: lethally poisoned (-2 -> -16), about to teleport, slow
A: +LOS, swims, talons 1, see invisible, clumsy 1, cold resistance 1, slowness
1, strong legs 1
a: Hop


You were on level 3 of the Dungeon.
You were not hungry.

You visited 1 branch of the dungeon, and saw 3 of its levels.

You collected 71 gold pieces.

Inventory:

Hand Weapons
 q - a +0 halberd (weapon)
Missiles
 i - 44 sling bullets
 m - 37 stones (quivered)
Armour
 a - a +1 robe (worn)
Wands
 p - a wand of random effects (25)
Scrolls
 d - a scroll of amnesia {unknown}
 e - a scroll of remove curse
 f - a scroll of immolation {unknown}
 h - a scroll of noise {unknown}
 k - 2 scrolls of teleportation
Potions
 j - a potion of brilliance {unknown}
 n - a potion of cancellation
Books
 b - a book of Callings

   Spells                             Type                      Level
   a - Summon Small Mammal            Summoning                    1
   b - Call Imp                       Summoning                    2
   c - Call Canine Familiar           Summoning                    3
   d - Summon Guardian Golem          Hexes/Summoning              3
   e - Summon Lightning Spire         Summoning/Air                4
   f - Summon Ice Beast               Ice/Summoning                4
Comestibles
 c - 2 rations
 g - 3 chunks of flesh


   Skills:
 - Level 2.1 Dodging
 - Level 1.7 Stealth
 + Level 3.5 Spellcasting
 * Level 6.9 Summonings
 + Level 0.0 Air Magic


You had one spell level left.
You knew the following spells:

 Your Spells              Type           Power        Failure   Level  Hunger
a - Summon Small Mammal   Summ           ####         1%          1    None
b - Call Imp              Summ           ####....     1%          2    ##.....
c - Call Canine Familiar  Summ           ####....     3%          3    ###....
d - Summon Lightning Spi  Summ/Air       ##......     38%         4    ####...


Dungeon Overview and Level Annotations

Branches:
Dungeon (3/15)

Altars:
Nemelex Xobeh
Yredelemnul


Innate Abilities, Weirdness & Mutations

Shadows flee at your approach. (+LOS)
You can swim through water.
You cover ground slowly.
You can hop short distances.
You have sharp toenails.
You have supernaturally acute eyesight. (SInv)
You are clumsy. (Dex -2)
Your flesh is cold resistant. (rC+)


Message History

Aim: an adder You reach to attack!
You closely miss the adder. You closely miss the adder.
Your kick misses the adder. The adder bites you.
You are poisoned.
The adder poisons you! The adder closely misses you.
The orc closely misses you.
You miss the adder.
You feel sick. The adder bites you. x2
The orc closely misses you.
You completely miss the adder.
You feel sick. The adder bites you.
You are more poisoned.
The adder poisons you!
The orc hits you from afar with a trident.
The adder closely misses you. The orc closely misses you.
As you read the scroll of teleportation, it crumbles to dust.
You feel strangely unstable.
You feel sick. The adder bites you.
You are lethally poisoned!
The adder poisons you! The adder bites you.
* * * LOW HITPOINT WARNING * * *
The orc hits you from afar with a trident!
You die...

#+ ≈. .## #
⌠.. # #≈
.⌠#≈#
#≈##.#≈
≈≈.o≈
#'S###
#.@..#
#....# ....
#....#
.......
#....#
......
#....#
.....
#....##
....
#.....##..#
####...#.#
#..>..#


You could see an adder and an orc.

Vanquished Creatures
  An ogre (D:3)
  A dart slug (D:3)
  2 orcs
  A giant cockroach (D:3)
  A jackal (D:1)
  3 kobolds
  A frilled lizard (D:3)
  A goblin (D:1)
  3 rats (D:3)
14 creatures vanquished.

Vanquished Creatures (collateral kills)
  3 adders
  4 gnolls
  An ooze (D:2)
  A worm (D:3)
  2 dart slugs
  A leopard gecko (D:2)
  6 orcs (D:3)
  A giant cockroach (D:3)
  A goblin (D:2)
  5 hobgoblins
  2 jackals (D:1)
  2 quokkas
  2 bats (D:3)
  A kobold (D:1)
  6 rats
38 creatures vanquished.

Grand Total: 52 creatures vanquished

Notes
Turn   | Place    | Note
-------+----------+-------------------------------------------
     0 | D:1      | vatarom the Barachi Summoner began the quest for the Orb.
     0 | D:1      | Reached XP level 1. HP: 13/13 MP: 3/3
   312 | D:1      | Reached skill level 5 in Summonings
   547 | D:1      | Reached XP level 2. HP: 10/19 MP: 0/5
   922 | D:2      | Learned a level 2 spell: Call Imp
   967 | D:2      | Found a sparkling altar of Nemelex Xobeh.
  1398 | D:2      | Gained mutation: Your flesh is cold resistant. (rC+) [potion of mutation]
  1398 | D:2      | Gained mutation: You are clumsy. (Dex -2) [potion of mutation]
  1398 | D:2      | Gained mutation: You have supernaturally acute eyesight. (SInv) [potion of mutation]
  1398 | D:2      | Gained mutation: You have sharp toenails. [potion of mutation]
  2058 | D:2      | Reached XP level 3. HP: 24/24 MP: 2/7
  2731 | D:3      | Reached skill level 6 in Summonings
  2770 | D:3      | Learned a level 3 spell: Call Canine Familiar
  2774 | D:3      | Reached XP level 4. HP: 24/30 MP: 5/8
  3013 | D:3      | Noticed an ogre
  3220 | D:3      | Found a basalt altar of Yredelemnul.
  3666 | D:3      | Killed an ogre
  3666 | D:3      | Reached XP level 5. HP: 35/35 MP: 0/10
  3724 | D:3      | Learned a level 4 spell: Summon Lightning Spire
  3756 | D:3      | Slain by an orc

Skill      XL: |  1  2  3 |
---------------+----------+-----
Summonings     | 5 6 |  6.9
Spellcasting   | 3 |  3.5
Dodging        | |  2.1
Stealth        | |  1.7

Action                   |  1- 3 |  4- 6 || total
-------------------------+-------+-------++-------
Melee: Dagger            |    24 |       ||    24
       Unarmed           |     5 |       ||     5
       Halberd           |     9 |    39 ||    48
       Kick              |     2 |     3 ||     5
 Cast: Summon Small Mamm |    48 |     8 ||    56
       Call Imp          |     9 |     9 ||    18
       Call Canine Famil |       |     8 ||     8
 Abil: Hop               |     3 |     2 ||     5
Evoke: Wand              |       |     3 ||     3
  Use: Potion            |     2 |     2 ||     4
       Scroll            |       |     6 ||     6
 Stab: Sleeping          |     1 |     2 ||     3
       Distracted        |       |     2 ||     2
  Eat: Chunk             |     3 |     2 ||     5
       Ration            |     2 |       ||     2
Armor: Robe              |     5 |       ||     5
Dodge: Dodged            |    43 |    22 ||    65
